 Dungeon Crawl Stone Soup version 0.20-a0-1018-ge435b50 (webtiles) character file.

306378 JeffiDaFish the Hoplite (level 21, -39/142 HPs)
             Began as a Gargoyle Fighter on Apr 16, 2017.
             Was the Champion of Okawaru.
             Killed from afar by an ancient lich (66 damage)
             ... with a crystal spear
             ... on level 3 of the Vaults on Apr 17, 2017.
             The game lasted 01:48:14 (35811 turns).

JeffiDaFish the Hoplite (Gargoyle Fighter)         Turns: 35811, Time: 01:48:15

Health: -39/142    AC: 46    Str: 36    XL:     21   Next: 16%
Magic:  21/21      EV: 10    Int: 10    God:    Okawaru [******]
Gold:   2049       SH: 26    Dex: 30    Spells: 20/20 levels left

rFire    . . .     SeeInvis +   t - +4 demon whip (elec)
rCold    . . .     Gourm    .   n - +2 shield "Arirriote" {*Drain rPois rCorr Dex+3}
rNeg     + + .     Faith    .   J - +1 plate armour "Gyseyvva" {Str+7 Stlth+}
rPois    ∞         Spirit   .   R - +2 hat of Zeasifoc {rN+ Regen+}
rElec    +         Reflect  .   z - +2 cloak {MR+}
rCorr    +         Harm     .   C - +2 pair of gloves {Str+3}
MR       ++...     Clarity  +   k - +1 pair of boots {run}
Stlth    ..........             e - amulet of regeneration
Regen    1.2/turn               p - ring "Qowoxkin" {Str+4 Dex+6 SInv}
MPRegen  0.2/turn               K - +5 ring of dexterity

@: flying, constricted, studying 2 skills, quick
A: big wings, large bone plates 1, blurry vision 1, clarity, negative energy
resistance 1, electricity resistance, unbreathing, petrification resistance, rot
immunity, AC +15
}: 2/15 runes: barnacled, gossamer
a: Stop Flying, Heroism, Finesse, Renounce Religion


You were on level 3 of the Vaults.
You worshipped Okawaru.
Okawaru was exalted by your worship.
You were not hungry.

You visited 7 branches of the dungeon, and saw 35 of its levels.
You visited 1 bazaar.
You also visited: Ice Cave.

You collected 4778 gold pieces.
You spent 2729 gold pieces at shops.

Inventory:

Hand Weapons
 a - a +5 flail of electrocution
 t - a +4 demon whip of electrocution (weapon)
Armour
 k - a +1 pair of boots of running (worn)
 n - the +2 shield "Arirriote" (worn) {*Drain rPois rCorr Dex+3}
   (You acquired it on level 2 of the Vaults)

   It affects your dexterity (+3).
   It protects you from poison.
   It protects you from acid and corrosion.
   It causes draining when unequipped.
 z - a +2 cloak of magic resistance (worn)
 C - a +2 pair of gloves of strength (worn)
 J - the +1 plate armour "Gyseyvva" (worn) {Str+7 Stlth+}
   (Okawaru gifted it to you on level 1 of the Shoals)

   It affects your strength (+7).
   It makes you more stealthy.
 R - the +2 hat of Zeasifoc (worn) {rN+ Regen+}
   (Okawaru gifted it to you on level 4 of the Spider Nest)

   It protects you from negative energy.
   It increases your rate of regeneration.
Jewellery
 e - an amulet of regeneration (around neck)
 p - the ring "Qowoxkin" (left hand) {Str+4 Dex+6 SInv}
   (You found it on level 14 of the Dungeon)

   [ring of dexterity]

   It affects your strength (+4).
   It affects your dexterity (+6).
   It lets you see invisible.
 G - an uncursed ring of protection from fire
 K - a +5 ring of dexterity (right hand)
Wands
 w - a wand of scattershot (5/9)
 E - a wand of scattershot (4/9)
 O - a wand of scattershot (4/9)
Scrolls
 b - 4 scrolls of fear
 d - 5 scrolls of fog
 g - 5 scrolls of teleportation
 j - 18 scrolls of remove curse
 l - 5 scrolls of identify
 u - a scroll of amnesia
 v - 6 scrolls of magic mapping
 x - 3 scrolls of recharging
 I - 2 scrolls of blinking
 T - a scroll of brand weapon
Potions
 h - 7 potions of ambrosia
 s - a potion of cancellation
 A - 2 potions of resistance
 B - 5 potions of heal wounds
 D - 5 potions of curing
 F - a potion of might
 H - 4 potions of brilliance
 L - 2 potions of haste
 Q - a potion of magic
Books
 q - Etuyd's Incunabulum of Creation
   (You found it on level 4 of the Shoals)

   Spells                             Type                      Level
   a - Call Imp                       Summoning                    2
   b - Summon Ice Beast               Ice/Summoning                4
   c - Summon Demon                   Summoning                    5
   d - Dragon's Call                  Summoning                    9
 r - the Almanac of Boosting Summoning
   (You found it on level 4 of the Shoals)

   Spells                             Type                      Level
   a - Summon Butterflies             Summoning                    1
   b - Ozocubu's Armour               Charms/Ice                   3
   c - Call Canine Familiar           Summoning                    3
   d - Summon Ice Beast               Ice/Summoning                4
   e - Iskenderun's Battlesphere      Conjuration/Charms           5
 y - a book of the Warp

   Spells                             Type                      Level
   a - Gell's Gravitas                Translocation                3
   b - Portal Projectile              Hexes/Translocation          3
   c - Force Lance                    Conjuration/Translocation    4
   d - Dispersal                      Translocation                6
   e - Controlled Blink               Translocation                8
   f - Disjunction                    Translocation                8
 P - a manual of Slings
 S - a book of Summonings

   Spells                             Type                      Level
   a - Recall                         Summoning/Translocation      3
   b - Aura of Abjuration             Summoning                    5
   c - Summon Demon                   Summoning                    5
   d - Summon Forest                  Summoning/Translocation      5
   e - Summon Mana Viper              Hexes/Summoning              5
   f - Shadow Creatures               Summoning                    6
 V - a manual of Necromancy
Comestibles
 c - 34 chunks of flesh
 f - 19 bread rations
 i - 47 royal jellies
 m - 17 meat rations
 o - 71 fruits


   Skills:
 + Level 18.4 Fighting
 + Level 20.6 Maces & Flails
 + Level 16.9 Armour
 - Level 4.0 Dodging
 - Level 3.2 Stealth
 + Level 21.4 Shields
 - Level 0.8 Evocations


You had 20 spell levels left.
You didn't know any spells.

Dungeon Overview and Level Annotations

Branches:
Dungeon (15/15)            Temple (1/1) D:5            Lair (6/6) D:11
 Shoals (4/4) Lair:2       Spider (4/4) Lair:2        Slime (0/5) Lair:5
    Orc (2/2) D:9             Elf (0/3) Orc:2        Vaults (3/5) D:14
  Crypt (0/3) Vaults:3     Depths (0/5) D:15

Altars:
Ashenzari
Cheibriados
Dithmenos
Elyvilon
Fedhas
Gozag
Hepliaklqana
Kikubaaqudgha
Makhleb
Nemelex Xobeh
Okawaru
Ru
Sif Muna
Trog
Uskayaw
Vehumet
Wu Jian
Xom
Yredelemnul
Zin
The Shining One

Shops:
D:13 %   Orc:2 (%!%   Shoals:1 *   Vaults:2 [[

Annotations:
Lair:5 Nessos


Innate Abilities, Weirdness & Mutations

You are resistant to torment.
Your stone body is resilient. (AC +15)
You are immune to poison.
Your large and strong wings let you fly indefinitely.
You resist negative energy. (rN+)
You are resistant to electric shocks. (rElec)
You can survive without breathing.
You are immune to petrification.
You are immune to rotting.
You are partially covered in large bone plates. (SH +4)
Scrolls take you a little longer to read.
You possess an exceptional clarity of mind.


Message History

You hit the ancient lich but do no damage.
The ancient lich is heavily damaged.
You block the ancient lich's attack.
You thrash the ancient lich!!
The ancient lich is severely damaged.
You block the tentacled monstrosity's attack. x2
The tentacled monstrosity tentacle-slaps you but does no damage.
The tentacled monstrosity constricts you.
The ancient lich points at you and mumbles some strange words.
The bolt of acid hits you! You resist.
* * * LOW HITPOINT WARNING * * *
You are splashed with acid!
The acid burns!
You resist.
* * * LOW HITPOINT WARNING * * *
You hit the ancient lich but do no damage.
The ancient lich is severely damaged.
You closely miss the ancient lich.
The ancient lich is severely damaged.
The ancient lich casts a spell at you. The crystal spear hits you!
You die...

≈# ≈# .# .# .# .# .#
"# ###########'# ≈#
#...........# ≈#
#...........# ##
#........XL.# #
#........@..# #
#(..(...)...#
########...........#
#########
'......#....)).....#
#.......#
#......'...(.).....#
#.......#
#......###(#########
#.......# #......#
#.)....# #.......#
#......# #.)(...#
#.......# #......#
#......# #.......#


You could see a tentacled monstrosity and an ancient lich.

Vanquished Creatures
  Boris (Vaults:3)
  Jorgrun (Spider:4)
  Rupert (D:12)
  Asterion (Spider:4)
  3 tengu reavers
  Ilsuiw (Shoals:4)
  A fire giant (Vaults:3)
  A deep elf sorcerer (Vaults:1)
  2 frost giants
  A ghost moth (shapeshifter) (Vaults:2)
  7 ghost moths
  5 vault wardens
  3 emperor scorpions
  A very ugly thing (Vaults:1)
  6 stone giants
  5 entropy weavers
  A deep elf annihilator (Vaults:1)
  Azrael (D:12)
  A dire elephant (Lair:6)
  2 spark wasps (Spider:4)
  8 merfolk javelineers
  Snorg (Lair:5)
  A deep elf high priest (Vaults:1)
  3 ettins
  3 fire dragons
  6 merfolk impalers
  A great orb of eyes (Vaults:1)
  The ghost of qqqbard the Slicer, a journeyman HaGl of Okawaru (Lair:2)
  8 yaktaur captains
  Harold (D:12)
  6 vault guards (Vaults:1)
  8 hydras
  A rakshasa (Vaults:2)
  2 catoblepae
  2 alligator snapping turtles (Shoals:4)
  2 ice dragons
  5 merfolk aquamancers
  8 centaur warriors
  4 satyrs
  2 death knights (D:14)
  3 merfolk avatars
  8 death yaks (Lair:6)
  2 tengu warriors
  38 two-headed ogres
  Urug (D:12)
  9 ogre magi
  A deep elf knight (Vaults:1)
  A spark wasp zombie (D:15)
  13 skeletal warriors
  Nergalle (Lair:3)
  A fire crab (shapeshifter) (Vaults:2)
  An unseen horror (D:15)
  A glowing orange brain (Vaults:3)
  11 sea snakes
  3 deep trolls
  7 deep elf archers
  A wolf spider zombie (D:15)
  3 lindwurms (Lair:6)
  A swamp dragon (Lair:6)
  Pikel (D:7)
  7 ironbrand convokers
  An obsidian statue (D:14)
  A phantasmal warrior (D:14)
  6 wizards
  9 harpies
  A flayed ghost (D:15)
  3 necromancers
  3 orc knights
  35 wolf spiders
  13 orb spiders
  17 manticores
  15 ugly things
  An orc sorcerer (Orc:2)
  A stone giant zombie (D:15)
  16 fauns
  6 deep elf magi
  12 cyclopes
  14 merfolk sirens
  5 elephants
  A guardian serpent (Vaults:1)
  An ice statue (IceCv)
  7 vault sentinels
  3 black mambas (Lair:6)
  Maurice (D:12)
  A fire giant skeleton (D:15)
  An eye of devastation (Vaults:1)
  3 torpor snails
  8 water nymphs
  A gargoyle (D:15)
  6 spiny frogs
  10 rime drakes
  2 kobold demonologists (D:14)
  4 komodo dragons
  7 freezing wraiths
  21 yaktaurs
  16 demonic crawlers
  The ghost of porpoise the Sneak, a novice OpFE of Sif Muna (D:5)
  11 trolls
  A tengu conjurer (D:15)
  10 polar bears
  38 merfolk
  A queen bee (Orc:1)
  41 jumping spiders
  12 hornets
  A wind drake (shapeshifter) (Vaults:3)
  Grinder (D:3)
  19 slime creatures
  A raiju (shapeshifter) (Vaults:2)
  9 wind drakes
  10 hippogriffs
  17 dream sheep
  19 blink frogs
  11 snapping turtles
  A frost giant simulacrum (Vaults:1)
  An ettin skeleton (Vaults:1)
  4 shadows
  91 redbacks
  A fire giant simulacrum (Vaults:1)
  6 wraiths
  3 wyverns
  A vampire (D:12)
  A spriggan skeleton (D:15)
  28 tarantellas
  12 water elementals
  3 fire elementals (D:12)
  57 yaks
  4 steam dragons
  4 basilisks
  A golden eye (shapeshifter) (Vaults:2)
  5 hungry ghosts
  Edmund (D:4)
  3 vampire mosquitoes (D:12)
  A warg (Vaults:2)
  A two-headed ogre zombie (D:9)
  A soldier ant (D:13)
  3 acid dragons
  12 water moccasins
  6 porcupines
  3 swamp drakes (Lair:6)
  3 hell hounds (D:12)
  18 orc warriors
  2 black bears
  3 elephant zombies (Lair:3)
  3 ice beasts
  3 phantoms
  2 necrophages
  5 sky beasts
  An eye of draining (D:6)
  30 ogres
  2 boggarts (Vaults:3)
  10 crocodiles
  17 wolves
  15 centaurs
  9 big kobolds
  A komodo dragon zombie (Lair:3)
  23 bullfrogs
  A gnoll sergeant (D:8)
  A hornet simulacrum (Vaults:1)
  48 killer bees
  3 scorpions
  2 troll zombies (D:9)
  14 wights
  A human simulacrum (Vaults:3)
  An electric eel (Lair:4)
  A howler monkey (D:7)
  8 crimson imps
  3 centaur zombies
  12 jellies
  3 quasits
  A gnoll shaman (D:6)
  12 orc priests
  11 hounds
  18 orc wizards
  A basilisk zombie (Lair:3)
  2 bullfrog skeletons
  4 centaur skeletons
  An iron imp (D:14)
  10 worker ants
  2 iguanas
  5 ogre zombies (D:9)
  2 hound skeletons
  A mummy (D:8)
  Robin (D:3)
  18 gnolls
  10 adders
  6 shadow imps
  3 white imps (D:14)
  An ufetubus (D:14)
  5 oozes (D:8)
  2 adder zombies (D:7)
  3 worms
  The ghost of shaftrobin the Shield-Bearer, a weakling FoFi (D:15)
  4 leopard geckos
  67 orcs
  3 ball pythons
  6 giant cockroaches
  10 goblins
  11 hobgoblins
  21 kobolds
  2 quokkas
  2 bats
  5 frilled lizards
  2 goblin skeletons (D:9)
  A goblin zombie (D:9)
  3 hobgoblin skeletons (D:9)
  4 hobgoblin zombies
  A kobold zombie (D:8)
  2 orc skeletons (D:9)
  16 orc zombies (D:9)
  3 rats
  4 bushes (D:14)
1473 creatures vanquished.

Vanquished Creatures (collateral kills)
  A frilled lizard (D:5)
1 creature vanquished.

Vanquished Creatures (others)
  A deep elf mage (Vaults:1)
  5 polar bears (IceCv)
  An orc warrior (Vaults:2)
  A boggart (Vaults:3)
  3 wolves (IceCv)
  An adder (D:7)
  A shadow imp (D:15)
  11 fungi (Lair:6)
  18 plants (Lair:6)
42 creatures vanquished.

Grand Total: 1516 creatures vanquished

Notes
Turn   | Place    | Note
-------+----------+-------------------------------------------
     0 | D:1      | JeffiDaFish the Gargoyle Fighter began the quest for the Orb.
     0 | D:1      | Reached XP level 1. HP: 14/14 MP: 1/1
   297 | D:1      | Reached XP level 2. HP: 19/19 MP: 2/2
   822 | D:2      | Reached XP level 3. HP: 20/24 MP: 3/3
   834 | D:2      | Found a hazy altar of Hepliaklqana.
   927 | D:2      | Reached XP level 4. HP: 27/29 MP: 4/4
   951 | D:2      | Found a bloodstained altar of Trog.
  1010 | D:2      | Found a glowing golden altar of the Shining One.
  1215 | D:3      | Reached skill level 4 in Shields
  1254 | D:3      | Gained mutation: You are agile. (Dex +2) [potion of mutation]
  1254 | D:3      | Lost mutation: You are agile. (Dex +2) [potion of mutation]
  1254 | D:3      | Gained mutation: You possess an exceptional clarity of mind. [potion of mutation]
  1258 | D:3      | Found a white marble altar of Elyvilon.
  1278 | D:3      | Reached XP level 5. HP: 33/33 MP: 5/5
  1485 | D:3      | Noticed Grinder
  1500 | D:3      | Noticed Robin
  1523 | D:3      | Paralysed by Grinder for 6 turns
  1566 | D:3      | Killed Grinder
  1566 | D:3      | Reached skill level 1 in Dodging
  1566 | D:3      | Reached XP level 6. HP: 37/39 MP: 6/6
  1572 | D:3      | Killed Robin
  1837 | D:3      | Reached XP level 7. HP: 44/44 MP: 7/7
  1953 | D:4      | Reached skill level 5 in Shields
  2207 | D:4      | Reached skill level 5 in Maces & Flails
  2261 | D:4      | Found a bloodstained altar of Trog.
  2396 | D:4      | Found a sacrificial altar of Ru.
  2406 | D:4      | Reached skill level 1 in Stealth
  2438 | D:4      | Found a basalt altar of Yredelemnul.
  2518 | D:4      | Noticed Edmund
  2548 | D:4      | Killed Edmund
  2548 | D:4      | Reached skill level 5 in Fighting
  2548 | D:4      | Reached XP level 8. HP: 11/49 MP: 8/8
  2749 | D:5      | Entered Level 5 of the Dungeon
  2806 | D:5      | Noticed porpoise's ghost (novice OpFE)
  2820 | D:5      | Killed porpoise's ghost
  2820 | D:5      | Reached skill level 5 in Armour
  3006 | D:5      | Found a staircase to the Ecumenical Temple.
  3013 | Temple   | Entered the Ecumenical Temple
  3033 | Temple   | Became a worshipper of Warmaster Okawaru
  3119 | D:5      | Found a shattered altar of Ashenzari.
  3406 | D:6      | Found an ornate altar of the Wu Jian Council.
  3561 | D:6      | Reached skill level 6 in Shields
  3706 | D:6      | Reached XP level 9. HP: 54/54 MP: 9/9
  4004 | D:6      | Reached * piety under Okawaru
  4417 | D:7      | Noticed Pikel
  4449 | D:7      | Killed Pikel
  4449 | D:7      | Reached ** piety under Okawaru
  4449 | D:7      | Reached skill level 7 in Shields
  4529 | D:7      | Found a burning altar of Makhleb.
  4953 | D:8      | Noticed a troll
  4965 | D:8      | Killed a troll
  4965 | D:8      | Reached skill level 8 in Shields
  4965 | D:8      | Reached XP level 10. HP: 29/61 MP: 10/10
  5606 | D:8      | Reached *** piety under Okawaru
  5901 | D:9      | Reached skill level 10 in Maces & Flails
  6108 | D:9      | Reached skill level 9 in Shields
  6128 | D:9      | Found a staircase to the Orcish Mines.
  6174 | D:9      | Reached **** piety under Okawaru
  6345 | D:9      | Found a shadowy altar of Dithmenos.
  6425 | D:9      | Noticed a two-headed ogre
  6441 | D:9      | Killed a two-headed ogre
  6441 | D:9      | Reached XP level 11. HP: 30/68 MP: 11/11
  6740 | D:9      | Reached ***** piety under Okawaru
  7019 | D:10     | Entered Level 10 of the Dungeon
  7086 | D:10     | Noticed a two-headed ogre
  7109 | D:10     | Killed a two-headed ogre
  7792 | D:10     | Received a gift from Okawaru
  7792 | D:10     | Reached skill level 10 in Shields
  8056 | D:11     | Noticed an eight-headed hydra
  8056 | D:11     | Noticed a cyclops
  8062 | D:11     | Killed a cyclops
  8073 | D:10     | HP: 3/69 [eight-headed hydra (8)]
  8081 | D:10     | Killed an eight-headed hydra
  8616 | D:11     | Noticed a two-headed ogre
  8624 | D:11     | Killed a two-headed ogre
  8624 | D:11     | Reached XP level 12. HP: 72/76 MP: 12/12
  8667 | D:11     | Received a gift from Okawaru
  8719 | D:11     | Reached skill level 11 in Shields
  9055 | D:11     | Found a staircase to the Lair.
  9160 | Lair:1   | Entered Level 1 of the Lair of Beasts
  9720 | Lair:2   | Found a hole to the Spider Nest.
  9818 | Lair:2   | Noticed qqqbard's ghost (journeyman HaGl)
  9841 | Lair:2   | Killed qqqbard's ghost
  9900 | Lair:2   | Noticed a seven-headed hydra
  9906 | Lair:2   | Killed a seven-headed hydra
  9999 | Lair:2   | Found a staircase to the Shoals.
 10210 | Lair:2   | Found a white marble altar of Elyvilon.
 10468 | Lair:3   | Noticed an eight-headed hydra
 10474 | Lair:3   | Killed an eight-headed hydra
 10474 | Lair:3   | Received a gift from Okawaru
 10474 | Lair:3   | Reached skill level 10 in Fighting
 10540 | Lair:3   | Reached ****** piety under Okawaru
 10564 | Lair:3   | Noticed Nergalle
 10582 | Lair:3   | Killed Nergalle
 11035 | Lair:3   | Reached XP level 13. HP: 76/82 MP: 13/13
 11447 | Lair:4   | Reached skill level 12 in Shields
 12111 | Lair:5   | Found a frozen archway.
 12120 | IceCv    | Entered an ice cave
 12334 | IceCv    | Received a gift from Okawaru
 12352 | IceCv    | Got a pair of warped boots {god gift}
 12358 | IceCv    | Identified the +4 pair of boots "Dyimofy" {rN+ Str-5 SInv} (Okawaru gifted it to you in an ice cave)
 12729 | IceCv    | Noticed a frost giant
 12738 | IceCv    | Reached skill level 10 in Armour
 12985 | Lair:5   | Found a staircase to the Slime Pits.
 13142 | Lair:5   | Noticed Snorg
 13171 | Lair:5   | Killed Snorg
 13282 | Lair:5   | Reached skill level 13 in Shields
 13575 | Lair:5   | Noticed Nessos
 13883 | Lair:6   | Entered Level 6 of the Lair of Beasts
 14055 | Lair:6   | Received a gift from Okawaru
 14145 | Lair:6   | Received a gift from Okawaru
 14179 | Lair:6   | Gained mutation: Your large and strong wings let you fly indefinitely. [Gargoyle growth]
 14179 | Lair:6   | Reached XP level 14. HP: 81/90 MP: 14/14
 14589 | Lair:6   | Reached skill level 14 in Shields
 14829 | Lair:6   | Received a gift from Okawaru
 14941 | Lair:6   | Identified a scroll of acquirement
 15167 | Lair:6   | Noticed a dire elephant
 15211 | Lair:6   | Killed a dire elephant
 15342 | Lair:6   | Received a gift from Okawaru
 15667 | Lair:6   | Reached skill level 15 in Shields
 16117 | Lair:5   | You are sucked into a shaft!
 16373 | D:12     | Noticed Harold
 16385 | D:12     | Killed Harold
 16385 | D:12     | Reached XP level 15. HP: 59/97 MP: 15/15
 16543 | D:12     | Noticed Azrael
 16574 | D:12     | Killed Azrael
 16988 | D:12     | Noticed Rupert
 17001 | D:12     | Killed Rupert
 17001 | D:12     | Received a gift from Okawaru
 17232 | D:12     | Noticed Urug
 17245 | D:12     | Killed Urug
 17262 | D:12     | Noticed Maurice
 17280 | D:12     | Killed Maurice
 17696 | D:13     | Reached skill level 15 in Maces & Flails
 17831 | D:13     | Found Esausuff's Food Emporium.
 17856 | D:13     | Found a blossoming altar of Fedhas.
 18730 | D:14     | Found an iron altar of Okawaru.
 18802 | D:14     | Reached skill level 16 in Shields
 18892 | D:14     | Gained mutation: Scrolls take you a little longer to read. [a neqoxec]
 18900 | D:14     | Gained mutation: You are partially covered in large bone plates. (SH +4) [a neqoxec]
 18905 | D:14     | Received a gift from Okawaru
 19126 | D:14     | Got a shimmering turquoise ring
 19132 | D:14     | Identified the ring "Qowoxkin" {Str+4 Dex+6 SInv} (You found it on level 14 of the Dungeon)
 19209 | D:14     | Found a gate to the Vaults.
 19358 | D:14     | You are sucked into a shaft!
 19358 | D:15     | Entered Level 15 of the Dungeon
 19626 | D:15     | Noticed shaftrobin's ghost (weakling FoFi)
 19636 | D:15     | Killed shaftrobin's ghost
 19743 | D:15     | Reached XP level 16. HP: 105/105 MP: 16/16
 19745 | D:15     | Found a staircase to the Depths.
 19759 | D:15     | Received a gift from Okawaru
 20963 | Orc:1    | Entered Level 1 of the Orcish Mines
 21043 | Orc:1    | Reached skill level 17 in Shields
 21479 | Orc:2    | Entered Level 2 of the Orcish Mines
 21482 | Orc:2    | Found a staircase to the Elven Halls.
 21712 | Orc:2    | Found Oroliock's Food Boutique.
 21712 | Orc:2    | Found Nelin's Antique Weapon Shop.
 21719 | Orc:2    | Received a gift from Okawaru
 21888 | Orc:2    | Found Hasih's Distillery.
 21903 | Orc:2    | Found Qosasm's Food Shop.
 22212 | Shoals:1 | Entered Level 1 of the Shoals
 22814 | Shoals:1 | Received a gift from Okawaru
 22817 | Shoals:1 | Got a warped plate armour {god gift}
 22828 | Shoals:1 | Identified the +1 plate armour "Gyseyvva" {Str+7 Stlth+} (Okawaru gifted it to you on level 1 of the Shoals)
 22977 | Shoals:1 | Found Mnui's Merry Market.
 22989 | Shoals:1 | Reached skill level 18 in Shields
 23000 | Shoals:1 | Bought a manual of Maces & Flails for 1876 gold pieces
 23481 | Shoals:2 | Reached XP level 17. HP: 112/112 MP: 17/17
 24269 | Shoals:2 | Reached skill level 15 in Fighting
 25068 | Shoals:3 | Received a gift from Okawaru
 25502 | Shoals:4 | Entered Level 4 of the Shoals
 25531 | Shoals:4 | Received a gift from Okawaru
 25591 | Shoals:4 | Identified Etuyd's Incunabulum of Creation
 25698 | Shoals:4 | Noticed Ilsuiw
 25723 | Shoals:4 | Reached skill level 19 in Shields
 25755 | Shoals:4 | Killed Ilsuiw
 26071 | Shoals:4 | Identified the Almanac of Boosting Summoning
 26224 | Shoals:4 | Received a gift from Okawaru
 26312 | Shoals:4 | Reached XP level 18. HP: 27/120 MP: 18/18
 26547 | Shoals:4 | Got a barnacled rune of Zot
 27320 | Spider:1 | Entered Level 1 of the Spider Nest
 28711 | Spider:2 | Received a gift from Okawaru
 28805 | Spider:2 | Identified the +1 flail "Eviscerator" {elec, Str-4 Int+3 Dex+8} (Okawaru gifted it to you on level 2 of the Spider Nest)
 29538 | Spider:3 | Received a gift from Okawaru
 30168 | Spider:3 | Reached XP level 19. HP: 127/127 MP: 19/19
 30452 | Spider:4 | Entered Level 4 of the Spider Nest
 30452 | Spider:4 | Noticed Jorgrun
 30463 | Spider:4 | Killed Jorgrun
 30463 | Spider:4 | Reached skill level 20 in Shields
 30923 | Spider:4 | Reached skill level 15 in Armour
 30964 | Spider:4 | Noticed Asterion
 30981 | Spider:4 | Killed Asterion
 31158 | Spider:4 | Received a gift from Okawaru
 31183 | Spider:4 | Identified the +2 hat of Zeasifoc {rN+ Regen+} (Okawaru gifted it to you on level 4 of the Spider Nest)
 31342 | Spider:4 | Got a gossamer rune of Zot
 31871 | Vaults:1 | Entered Level 1 of the Vaults
 32557 | Vaults:1 | Received a gift from Okawaru
 32571 | Vaults:1 | Identified a +1 pair of boots of running (Okawaru gifted it to you on level 1 of the Vaults)
 32634 | Vaults:1 | Reached XP level 20. HP: 127/134 MP: 20/20
 33675 | Vaults:2 | Got a scorched shield
 33686 | Vaults:2 | Identified the +2 shield "Arirriote" {*Drain rPois rCorr Dex+3} (You acquired it on level 2 of the Vaults)
 33810 | Vaults:2 | Found a flickering gateway to a bazaar.
 33825 | Bazaar   | Entered a bazaar
 33828 | Bazaar   | Found Kiychijo's Antique Weapon Boutique.
 33832 | Bazaar   | Found Mumavoc's Book Boutique.
 33832 | Bazaar   | Found Xicul's Distillery.
 33833 | Bazaar   | Found Haluoh's Distillery.
 33838 | Bazaar   | Bought a potion of heal wounds for 75 gold pieces
 33848 | Bazaar   | Bought a potion of heal wounds for 50 gold pieces
 33887 | Vaults:2 | Found Ycug's Antique Armour Boutique.
 33909 | Vaults:2 | Bought a faintly humming plate armour for 728 gold pieces
 33911 | Vaults:2 | Identified the +5 plate armour "Ojaf" {rC++ MP+9} (You bought it in a shop on level 2 of the Vaults)
 34121 | Vaults:2 | Reached skill level 21 in Shields
 34577 | Vaults:2 | Received a gift from Okawaru
 34911 | Vaults:2 | Found Fotiss's Armour Shoppe.
 35205 | Vaults:3 | Noticed Boris
 35217 | Vaults:3 | Killed Boris
 35358 | Vaults:3 | Reached XP level 21. HP: 141/141 MP: 21/21
 35706 | Vaults:3 | Found a staircase to the Crypt.
 35706 | Vaults:3 | Found a basalt altar of Yredelemnul.
 35707 | Vaults:3 | Found an ancient bone altar of Kikubaaqudgha.
 35786 | Vaults:3 | Noticed an ancient lich
 35811 | Vaults:3 | Killed from afar by an ancient lich

Vault maps used:
D:1:      tarquinn_simple_flora_water_b
D:2:      marbit_many_paths, nicolae_tso_swordbearing_angel,
          trog_three_pillars_becter
D:3:      lemuel_crystal_altar, uniq_grinder, uniq_robin
D:4:      nicolae_ru_great_annihilating_truth, lightli_temple_of_fire,
          lemuel_doored_altar, first_bread, uniq_edmund
D:5:      ashenzari_conservatory_becter, minmay_temple_entry_nine_rooms,
          cheibrodos_gnoll_hut
D:6:      nicolae_overflow_hidden_temple, dk_vineyard_1
D:7:      makhleb_blood_cavern_becter, uniq_pikel
D:8:      hangedman_little_slice_of_home, minmay_mini_ossuary
D:9:      grunt_dithmenos_smoke, zombieorc2_lemuel, kennysheep_pointless_box,
          st_stairs_12
D:11:     grunt_lair_entry_orc_guard_hut
D:12:     cheibrodos_wizards_tower, unseen_surprise_small, uniq_urug,
          uniq_harold, uniq_rupert, uniq_azrael, uniq_maurice
D:13:     serial_shops, shop_statue, fedhas_altar_fruit_tree
D:14:     kennysheep_kobold_grotto, david_vaults_2, minmay_strange_pillars,
          basic_altar
D:15:     gammafunk_depths_entry_grave, corexii_leaking_fountain
Temple:   minmay_temple_bridge_abc
Lair:2:   minmay_shoals_entry_centaurs, spider_nest_entry_rubble,
          lemuel_centaur_altar, grunt_megastairs_4, lemuel_fruit_fields
Lair:3:   pond_and_an_island_with_a_cottage, minivault_24, minivault_25,
          infiniplex_staircase_pool, serial_bayou_shore_b, uniq_nergalle
Lair:4:   serial_bayou, serial_bayou_shore_a, serial_bayou_pond_b,
          serial_bayou_ford_a, serial_bayou_pond_e, grunt_megastairs_3
Lair:5:   minmay_slime_entry_pillars, portal_ice_cave_entry_pillars_1,
          uniq_nessos, uniq_snorg
Lair:6:   hangedman_lair_in_review, guppyfry_lair_end_dragon, lemuel_fruit_tree
Shoals:1: nicolae_alphabet_shops, centaur_isle
Shoals:2: cheibrodos_shoals_baths
Shoals:3: nicolae_shoals_drake_roost
Shoals:4: shoals_end_grunt_ice, shoal_ilsuiw
Spider:4: guppyfry_spider_rune, nicolae_spider_nook, uniq_asterion, uniq_jorgrun
Orc:1:    special_room, nicolae_orc_bridge_out
Orc:2:    st_orc_open
Vaults:1: v_misc_4, st_greater_box_4, v_misc_13, vaults_room_large_hall,
          vaults_room_pool, vaults_room_large_hall, vaults_room_fours,
          grunt_vaults_hallway_short, v_misc_32,
          nicolae_vaults_ring_of_whatevers
Vaults:2: nicolae_vaults_diagonal_hallway_8, vaults_mumra_hex,
          vaults_room_octagon, grunt_vaults_focal, vaults_standard_mumra_x,
          hangedman_vaults_nodes, nicolae_vaults_network_periphery, v_pattern_4,
          vaults_room_door_hall, vaults_room_stairs_pillars, vaults_dpeg_ring,
          serial_shops, bzr_entry_gold, shop_coins, nicolae_shop_crystal
Vaults:3: stair_cage_open, vaults_room_pools,
          vaults_standard_mumra_enter_the_diamond, hangedman_vaults_slice,
          vaults_standard_mumra_enter_the_diamond,
          minmay_guarded_unrand_guard_vaults, minmay_crypt_entry_necro_gods,
          uniq_boris
Bazaar:   bazaar_minmay_cross
IceCv:    ice_cave_caverns_03

Skill      XL: |  1  2  3  4  5  6  7  8  9 10 11 12 13 14 15 16 17 18 19 20 |
---------------+-------------------------------------------------------------+-----
Shields        | 4 5 6 8 9 10 11 13 15 16 18 19 20 21 | 21.4
Fighting       | 4 5 6 8 9 10 11 12 13 14 15 16 17 18 | 18.4
Maces & Flails | 3 4 5 7 9 10 12 13 14 15 16 17 18 19 20 | 20.6
Armour         | 4 5 6 8 9 10 11 12 13 14 15 16 | 16.9
Dodging        | 1 2 3 4 |  4.0
Stealth        | 1 2 3 |  3.2
Evocations     | |  0.8

Action                   |  1- 3 |  4- 6 |  7- 9 | 10-12 | 13-15 | 16-18 | 19-21 || total
-------------------------+-------+-------+-------+-------+-------+-------+-------++-------
Melee: Flail             |    92 |   141 |   403 |  1169 |  1012 |     7 |       ||  2824
       Demon whip        |       |       |       |       |   777 |  2036 |  1398 ||  4211
 Abil: Fly               |       |       |       |       |     1 |       |       ||     1
Evoke: Wand              |       |       |       |     4 |       |       |       ||     4
  Use: Scroll            |     5 |     3 |     8 |     9 |    15 |    11 |     8 ||    59
       Potion            |     1 |     4 |     7 |     3 |     8 |     4 |     1 ||    28
 Stab: Paralysed         |       |       |     3 |       |       |       |       ||     3
  Eat: Chunk             |       |     3 |     9 |    28 |    30 |    34 |    17 ||   121
       Royal jelly       |       |       |     1 |     1 |       |       |     1 ||     3
       Bread ration      |       |       |       |     1 |       |       |       ||     1
       Fruit             |       |       |       |     1 |       |       |       ||     1
Armor: Scale mail        |    45 |    90 |    84 |       |       |       |       ||   219
       Plate armour      |       |       |    93 |   500 |   816 |   706 |   398 ||  2513
Dodge: Dodged            |    28 |    50 |   104 |   225 |   428 |   447 |   257 ||  1539
Block: Shield            |    41 |    96 |   246 |   641 |  1244 |  1915 |  1226 ||  5409
